 Dungeon Crawl Stone Soup version 0.28-a0-925-gd5e1996cdb (webtiles) character file.

Game seed: 1182438462348310712

2751 oldmanjim the Cleaver (level 9, -4/69 (75) HPs)
             Began as a Hill Orc Fighter on Nov 25, 2021.
             Was a Follower of Beogh.
             Slain by Joseph (7 damage)
             ... on level 6 of the Dungeon on Nov 26, 2021.
             The game lasted 00:48:29 (7918 turns).

oldmanjim the Cleaver (Hill Orc Fighter)            Turns: 7918, Time: 00:48:31

HP:   -4/69 (75)    AC:  7    Str: 22    XL:     9   Next: 68%
MP:   14/14         EV: 13    Int:  8    God:    Beogh [*.....]
Gold: 127           SH:  5    Dex: 10    Spells: 8/8 levels left

rFire   . . .      SeeInvis .   a - +1 war axe
rCold   . . .      Faith    .   c - +1 buckler
rNeg    . . .      Spirit   .   l - +0 scale mail
rPois   .          Reflect  .   (no helmet)
rElec   .          Harm     .   d - scarf {repulsion}
rCorr   .          Rampage  .   (no gloves)
Will    .....                   (no boots)
Stlth   ..........              (no amulet)
HPRegen 0.21/turn               s - +4 ring of evasion
MPRegen 0.14/turn               (no ring)

@: drained, repel missiles
A: no striking features
a: Renounce Religion


You were on level 6 of the Dungeon.
You worshipped Beogh.
Beogh was aware of your devotion.
You visited 2 branches of the dungeon, and saw 8 of its levels.

You collected 185 gold pieces.
You spent 58 gold pieces at shops.

Inventory:

Hand Weapons
 a - a +1 war axe (weapon)
 b - the +10 hunting sling "Wostrez" {vorpal, rN+ rCorr Stlth+}
   (You found it on level 6 of the Dungeon)

   Any ammunition fired from it inflicts extra damage upon your enemies.
   rN:        It protects you from negative energy.
   rCorr:     It protects you from acid and corrosion.
   Stlth:     It makes you more stealthy.
Missiles
 f - 219 stones
 g - 57 arrows
 o - 47 poisoned darts (quivered)
 x - 2 throwing nets
 C - 26 bolts
Armour
 c - a +1 buckler (worn)
 d - a scarf of repulsion (worn)
 l - a +0 scale mail (worn)
Magical Staves
 n - a staff of fire
Jewellery
 s - a +4 ring of evasion (left hand)
Wands
 k - a wand of mindburst (2)
 m - a wand of iceblast (11)
 u - a wand of digging (6)
Scrolls
 h - 2 scrolls of identify
 i - a scroll of fog
 j - a scroll of magic mapping
 p - a scroll of acquirement {unknown}
 y - a scroll of immolation {unknown}
Potions
 e - 2 potions of curing
 q - 4 potions of heal wounds
 r - a potion of resistance
 t - 3 potions of lignification
 v - a potion of haste
 w - a potion of brilliance {unknown}
 z - 3 potions of berserk rage
 A - a potion of ambrosia {unknown}
 B - a potion of flight


   Skills:
 - Level 6.0 Fighting
 + Level 11.9 Axes
 - Level 6.0 Armour
 - Level 4.0 Shields
 + Level 6.9 Invocations
 - Level 4.0 Evocations


You had 8 spell levels left.
You didn't know any spells.
Your spell library contained the following spells:

 Spells                   Type           Power      Damage    Failure   Level
 Airstrike                Air            0%         N/A       100%        4
 Summon Lightning Spire   Summ/Air       0%         N/A       100%        4
 Lightning Bolt           Conj/Air       0%         1d11      100%        5


Dungeon Overview and Level Annotations

Branches:
Dungeon (7/15)             Temple (1/1) D:4

Altars:
Ashenzari
Cheibriados
Dithmenos
Elyvilon
Fedhas
Gozag
Hepliaklqana
Kikubaaqudgha
Makhleb
Nemelex Xobeh
Okawaru
Qazlal
Sif Muna
Trog
Vehumet
Wu Jian
Xom
Zin

Shops:
D:1 (?(!   D:5 *

Annotations:
D:3 3 runed translucent doors, exclusion: 3 doors, murtidash's ghost, amateur TeAE
D:6 Joseph


Message History

You are too injured to fight recklessly!
The wight barely misses you.
You are too injured to fight recklessly!
You barely miss the wight.
The wight is moderately damaged.
You block the wight's attack. The wight completely misses you.
There is an open door here.
There is a stone staircase leading up here.
You climb upwards.
There is a stone staircase leading down here.
You start resting.
HP restored.
There is a stone staircase leading down here.
You climb downwards.
Joseph shouts!
Joseph shouts, "I love to fight!
I love killing!"
Joseph hits you with a +1 spectral quarterstaff!
There is a stone staircase leading up, spattered with blood here.
You closely miss Joseph.
Joseph hits you with a +1 spectral quarterstaff!
You closely miss Joseph.
Joseph hits you with a +1 spectral quarterstaff!
You hit Joseph.
Joseph is lightly wounded.
Joseph hits you with a +1 spectral quarterstaff!
You slash Joseph!
Joseph is moderately wounded.
Joseph hits you with a +1 spectral quarterstaff!
* * * LOW HITPOINT WARNING * * *
Joseph hits you with a +1 spectral quarterstaff!
* * * LOW HITPOINT WARNING * * *
You climb upwards.
There is a stone staircase leading down here.
Aiming: Mindburst
Press: ? - help, Shift-Dir - straight line, f - Joseph
Aim: Joseph, wielding a +1 spectral quarterstaff, wearing a +0 ring mail and quivering sling bullets (moderately wounded, chance to affect: 66%) Joseph's mind is blasted!!
Joseph hits you with a +1 spectral quarterstaff!
You die...

#.......######'###'
#.......#..........
#.......#..........
#.......#..........
#.......'..........
#.......#........[.
###'#####.......[).
#@......#.....####)
#.@>....#.....#....
#.......#.....#....
#.......#.....#....
#.......#.....#....
#.......#.....####.
#.......#........#.
#.......'........#.
#.......#).......#.
#.......#))......#.


You could see Joseph.

Vanquished Creatures
  Sigmund (D:5)
  Duvessa (D:6)
  3 ice beasts
  A black bear (D:6)
  3 necrophages
  A sky beast (D:5)
  4 ogres
  Blork the orc (D:6)
  A kobold brigand (D:7)
  A bullfrog (D:6)
  A scorpion (D:4)
  A wyvern skeleton (D:7)
  Dowan (D:6)
  5 killer bees (D:7)
  2 wights (D:7)
  A centaur zombie (D:7)
  4 orc priests
  A gnoll shaman (D:5)
  4 hounds (D:5)
  2 iguanas (D:6)
  3 orc wizards
  2 hound zombies (D:5)
  2 hound skeletons
  Robin (D:3)
  8 adders
  5 gnolls
  A shadow imp (D:6)
  An ufetubus (D:7)
  4 worms
  2 dart slugs (D:2)
  12 orcs
  8 ball pythons
  6 bats
  8 endoplasms
  4 giant cockroaches
  7 goblins
  8 hobgoblins
  3 quokkas
  A frilled lizard (D:1)
  19 kobolds
  7 rats
151 creatures vanquished.

Vanquished Creatures (others)
  An orc priest (D:5)
  An orc wizard (D:5)
  A gnoll (D:5)
  2 orcs (D:5)
  3 fungi (D:3)
8 creatures vanquished.

Grand Total: 159 creatures vanquished

Notes
Turn   | Place    | Note
-------+----------+-------------------------------------------
     0 | D:1      | oldmanjim the Hill Orc Fighter began the quest for the Orb.
     0 | D:1      | Reached XP level 1. HP: 19/19 MP: 1/1
   116 | D:1      | Found Wiacs's Weapon Shoppe.
   252 | D:1      | Reached XP level 2. HP: 23/27 MP: 2/2
   341 | D:1      | Found Nainoet's Distillery.
   391 | D:1      | Reached skill level 3 in Axes
   403 | D:1      | Found Bileub's Antique Weapon Boutique.
   428 | D:1      | Found Zuise Motoda's Magic Scroll Boutique.
   499 | D:1      | Found Ciri Kaph's Jewellery Shop.
   738 | D:1      | Reached XP level 3. HP: 33/33 MP: 3/3
  1221 | D:2      | Reached XP level 4. HP: 36/40 MP: 4/4
  1341 | D:2      | Reached skill level 4 in Axes
  1982 | D:3      | Reached skill level 5 in Axes
  2003 | D:3      | Found a runed translucent gate.
  2003 | D:3      | Found a runed translucent gate.
  2003 | D:3      | Found a runed translucent gate.
  2003 | D:3      | Noticed a kobold brigand
  2003 | D:3      | Noticed murtidash's ghost (amateur TeAE)
  2155 | D:3      | Reached XP level 5. HP: 27/46 MP: 5/5
  2317 | D:3      | Noticed an ice beast
  2329 | D:3      | Killed an ice beast
  2330 | D:3      | Reached skill level 6 in Axes
  2500 | D:3      | Reached XP level 6. HP: 52/52 MP: 6/6
  2738 | D:3      | Noticed Robin
  2756 | D:3      | Killed Robin
  2757 | D:3      | Reached skill level 7 in Axes
  3050 | D:3      | Upgraded the game from 0.28-a0-919-g0b5b508569 to
                  | 0.28-a0-925-gd5e1996cdb
  3051 | D:4      | Found a staircase to the Ecumenical Temple.
  3063 | Temple   | Entered the Ecumenical Temple
  3444 | D:4      | Reached skill level 8 in Axes
  3444 | D:4      | Reached skill level 1 in Evocations
  3866 | D:5      | Entered Level 5 of the Dungeon
  3871 | D:5      | Noticed Sigmund
  3871 | D:5      | Noticed a necrophage
  3905 | D:5      | Reached XP level 7. HP: 48/60 MP: 7/7
  3969 | D:5      | Became a worshipper of Beogh the Brigand
  4118 | D:5      | Found a glowing silver altar of Zin.
  4161 | D:5      | Reached skill level 5 in Fighting
  4451 | D:5      | Reached skill level 1 in Invocations
  4710 | D:5      | Found a hazy altar of Hepliaklqana.
  4852 | D:5      | Found Jups's General Store.
  4862 | D:5      | Killed Sigmund
  4863 | D:5      | Reached skill level 5 in Armour
  4863 | D:5      | Reached XP level 8. HP: 68/68 MP: 8/10
  4866 | D:5      | Reached skill level 9 in Axes
  4888 | D:5      | Bought a scroll of identify for 28 gold pieces
  4906 | D:5      | Identified the +1 robe "Wyryjiho" {rN++ Str+5 Int-3}
  5751 | D:6      | Reached skill level 5 in Invocations
  5856 | D:6      | Reached skill level 10 in Axes
  5900 | D:6      | Reached * piety under Beogh
  6092 | D:6      | Noticed Blork the orc
  6138 | D:6      | Reached XP level 9. HP: 51/75 MP: 12/12
  6309 | D:6      | Killed Blork the orc
  6424 | D:6      | Noticed Duvessa
  6424 | D:6      | Noticed Dowan
  6429 | D:6      | Killed Duvessa
  6432 | D:6      | Killed Dowan
  6433 | D:6      | Reached skill level 11 in Axes
  6447 | D:6      | Identified the +10 hunting sling "Wostrez" {vorpal, rN+
                  | rCorr Stlth+}
  6757 | D:1      | Bought a potion of flight for 30 gold pieces
  7911 | D:7      | Noticed Joseph
  7916 | D:7      | HP: 2/69 [Joseph (10)]
  7918 | D:6      | Slain by Joseph

Illustrated notes

Levels and vault maps discovered:
D:1:      eino_arrival_cavern_a, layout_basic, serial_shops,
          nicolae_shop_waterfront, shop, shop, shop, nicolae_shop_hallway_plus,
          kennysheep_minor_cross
D:2:      layout_basic, minivault_23, chequers_jeans
D:3:      layout_loops_ring, gammafunk_ghost_nasty_kobolds, grunt_ministairs_9,
          uniq_robin
D:4:      layout_cave_pools, minmay_temple_entry_trees
D:5:      layout_gridville, nicolae_hepliaklqana_hippocampus,
          lemuel_crystal_altar, serial_shops, nicolae_diamond_shop, uniq_sigmund
D:6:      layout_gridville, uniq_duvessa, uniq_blork_the_orc
D:7:      layout_gridville, grunt_ministairs_8, uniq_joseph
Temple:   nicolae_temple_x_marks_the_god

Skill      XL: |  1  2  3  4  5  6  7  8  9 |
---------------+----------------------------+-----
Axes           | 3 5 6 8 10 11 | 11.9
Fighting       | 4 5 6 |  6.0
Shields        | 4 |  4.0
Armour         | 4 5 6 |  6.0
Evocations     | 1 3 4 |  4.0
Invocations    | 3 5 6 |  6.9

Action                   |  1- 3 |  4- 6 |  7- 9 || total
-------------------------+-------+-------+-------++-------
Melee: War axe           |    88 |   155 |   183 ||   426
 Fire: Hunting sling     |       |    21 |    60 ||    81
Throw: Stone             |    14 |       |       ||    14
       Dart              |       |    10 |       ||    10
Invok: Convert to Beogh  |       |       |     1 ||     1
Evoke: Wand              |       |       |     8 ||     8
  Use: Scroll            |     4 |     7 |     4 ||    15
       Potion            |       |       |     2 ||     2
Armor: Scale mail        |    44 |    61 |    37 ||   142
Dodge: Dodged            |    45 |    73 |   136 ||   254
Block: Buckler           |    20 |    27 |    39 ||    86

Table legend: (Time is in decaauts)
 A = Elapsed time spent in this place.
 B = Non-inter-level travel time spent in this place.
 C = Inter-level travel time spent in this place.
 D = Time resting spent in this place.
 E = Time spent auto-exploring this place.
 F = Levels seen in this place.
 G = Mean time per level.
                   A        B        C        D        E       F      G
               +--------+--------+--------+--------+--------+-----+--------+
         Total |   7975 |   7598 |    377 |   1454 |   4574 |   8 |  996.9 |
       Dungeon |   7908 |   7538 |    370 |   1454 |   4520 |   7 | 1129.7 |
        Temple |     66 |     59 |      7 |      0 |     54 |   1 |   66.0 |
               +--------+--------+--------+--------+--------+-----+--------+

Top non-repeatable levels by time:
     D:5: 1690 daAuts
     D:6: 1332 daAuts
     D:2: 1161 daAuts
     D:3: 1129 daAuts
     D:1: 905 daAuts
     D:7: 861 daAuts
     D:4: 828 daAuts
  Temple: 66 daAuts
